 Dungeon Crawl Stone Soup version 0.29.1-1-gd02db6906a (webtiles) character file.

Game seed: 1601110399967920340

105 plokij the Covered (level 4, 0/40 HPs)
             Began as a Minotaur Fighter on Oct 20, 2022.
             Slain by an ogre
             ... wielding a +0 giant club
              (17 damage)
             ... on level 4 of the Dungeon.
             The game lasted 00:05:47 (2602 turns).

plokij the Covered (Minotaur Fighter)               Turns: 2602, Time: 00:05:48

Health: 0/40       AC: 11    Str: 16    XL:     4   Next: 54%
Magic:  12/12      EV: 10    Int:  8    God:
Gold:   100        SH:  5    Dex: 12    Spells: 3/3 levels left

rFire   . . .      SeeInvis .   a - +0 long sword
rCold   . . .      Faith    .   c - +0 buckler
rNeg    + . .      Spirit   .   p - +2 ring mail of Sunlight {rN+ MP+9 Str-4 Int+3}
rPois   .          Reflect  .   (helmet restricted)
rElec   +          Harm     .   m - +2 cloak of Ifamma {+Blink rElec}
rCorr   .          Rampage  .   (no gloves)
Will    .....                   (no boots)
Stlth   +.........              (no amulet)
HPRegen 0.13/turn               (no ring)
MPRegen 0.13/turn               (no ring)

@: no status effects
A: horns 2, retaliatory headbutt
a: Evoke Blink


You were on level 4 of the Dungeon.
You visited 1 branch of the dungeon, and saw 4 of its levels.

You collected 100 gold pieces.

Inventory:

Hand Weapons
 a - a +0 long sword (weapon)
 r - the +3 mace "Douruj" {flame, *Noise Will+++ Str+3 Int+4}
   (You found it on level 4 of the Dungeon)

   It burns those it strikes, dealing additional fire damage.
   Str:       It affects your strength (+3).
   Int:       It affects your intelligence (+4).
   *Noise:    It may make noises in combat.
   Will:      It greatly increases your willpower.
Armour
 c - a +0 buckler (worn)
 m - the +2 cloak of Ifamma (worn) {+Blink rElec}
   (You found it on level 2 of the Dungeon)

   rElec:     It insulates you from electricity.
   +Blink:    It lets you blink.
 p - the +2 ring mail of Sunlight (worn) {rN+ MP+9 Str-4 Int+3}
   (You found it on level 3 of the Dungeon)

   Str:       It affects your strength (-4).
   Int:       It affects your intelligence (+3).
   rN:        It protects you from negative energy.
   MP:        It affects your magic capacity (+9).
Scrolls
 e - 2 scrolls of immolation
 g - a scroll of enchant weapon {unknown}
 i - 2 scrolls of teleportation {unknown}
 j - a scroll of enchant armour {unknown}
 l - 6 scrolls of identify {unknown}
 o - a scroll of fear {unknown}
 q - a scroll of poison {unknown}
Potions
 b - 2 potions of flight {unknown}
 d - 2 potions of might
 f - a potion of heal wounds {unknown}
 h - 2 potions of lignification {unknown}
 k - a potion of mutation {unknown}
 n - 2 potions of curing {unknown}


   Skills:
 + Level 4.2 Fighting
 * Level 4.0 Long Blades
 + Level 4.2 Armour
 + Level 1.4 Dodging
 + Level 4.2 Shields


You had 3 spell levels left.
You didn't know any spells.
Your spell library was empty.

Dungeon Overview and Level Annotations

Branches:
Dungeon (4/15)             Temple (0/1) D:4

Altars:


Innate Abilities, Weirdness & Mutations

You have a pair of horns on your head.
You reflexively headbutt those who attack you in melee.


Message History

You closely miss the lemure.
You hear the slow rusting of a distant drain.
The lemure closely misses you.
You closely miss the lemure. The lemure closely misses you.
You hit the lemure.
The lemure is moderately wounded.
You block the lemure's attack.
You slash the lemure! You headbutt the lemure.
The lemure is heavily wounded.
The lemure closely misses you. The lemure barely misses you.
You hit the lemure but do no damage.
The lemure is heavily wounded.
The lemure hits you but does no damage.
You hit the lemure. You headbutt the lemure.
The lemure is severely wounded.
The lemure hits you but does no damage.
You barely miss the lemure. You headbutt the lemure!
You kill the lemure!
That felt strangely unrewarding.
An ogre comes into view. It is wielding a +0 giant club.
The ogre hits you with a +0 giant club.
You hit the ogre.
The ogre is lightly wounded.
The ogre misses you.
You barely miss the ogre.
The ogre is lightly wounded.
The ogre hits you with a +0 giant club!!
Ouch! That really hurt!
You hit the ogre.
The ogre is moderately wounded.
You hit the ogre. You headbutt the ogre.
The ogre is severely wounded.
The ogre closely misses you.
You hit the ogre.
The ogre is almost dead.
The ogre barely misses you.
You hit the ogre but do no damage.
The ogre is almost dead.
The ogre hits you with a +0 giant club!
You die...

........#........
..
...#....#.#.#####
..# #.####...#.#
... .........#.#
#.# #.#####.##..
...# #.##
####$..#
#..###....#.#
##..#..O....#
##.#.@###..#
######>..## ....
#........# ...
####......### ..
.........## .
....####.# ...
..# #... +....


You could see an ogre.

Vanquished Creatures
  A lemure (D:4)
  An orc priest (D:3)
  An adder (D:2)
  A worm (D:4)
  A dart slug (D:3)
  7 orcs
  9 ball pythons
  8 bats
  4 endoplasms
  A giant cockroach (D:1)
  3 hobgoblins
  2 jackals (D:1)
  4 kobolds
  5 frilled lizards
  4 goblins
  A rat (D:1)
53 creatures vanquished.

Notes
Turn   | Place    | Note
-------+----------+-------------------------------------------
     0 | D:1      | plokij the Minotaur Fighter began the quest for the Orb.
     0 | D:1      | Reached XP level 1. HP: 19/19 MP: 0/0
   445 | D:1      | Reached XP level 2. HP: 27/27 MP: 1/1
  1008 | D:2      | Reached XP level 3. HP: 33/33 MP: 2/2
  1009 | D:2      | Found a faded altar of an unknown god.
  1270 | D:2      | Reached skill level 1 in Dodging
  1499 | D:2      | Identified the +2 cloak of Ifamma {+Blink rElec}
  1737 | D:3      | Reached XP level 4. HP: 39/40 MP: 3/3
  1773 | D:3      | Identified the +2 ring mail of Sunlight {rN+ MP+9 Str-4
                  | Int+3}
  2122 | D:3      | Identified the +10 plate armour "Biegeaps" {Contam rN++}
  2338 | D:4      | Found a staircase to the Ecumenical Temple.
  2342 | D:4      | Identified the +3 mace "Douruj" {flame, *Noise Will+++
                  | Str+3 Int+4}
  2570 | D:4      | Noticed a lemure
  2586 | D:4      | Killed a lemure
  2589 | D:4      | Noticed an ogre
  2602 | D:4      | Slain by an ogre

Illustrated notes

Levels and vault maps discovered:
D:1:      giann_horns, layout_basic, minmay_pentomino_o2
D:2:      layout_loops_cross, hellmonk_ecumenical_altar_blasted,
          kennysheep_decorative_pillar, nrook_loot_triangle
D:3:      layout_basic, st_stairs_5
D:4:      layout_basic, nemelex_dance_club_becter,
          mainiacjoe_overflow_cross_hatched, minmay_temple_entry_mini_moons,
          portal_sewer_entry_f, uniq_pargi, uniq_robin, uniq_pikel, uniq_grinder

Skill      XL: |  1  2  3  4 |
---------------+-------------+-----
Long Blades    | 3 4 |  4.0
Armour         | 4 |  4.2
Dodging        | 1 |  1.4
Fighting       | 4 |  4.2
Shields        | 4 |  4.2

Action                   |  1- 3 |  4- 6 || total
-------------------------+-------+-------++-------
Melee: Long sword        |    78 |    54 ||   132
       Headbutt          |     7 |    14 ||    21
Armor: Scale mail        |    48 |     4 ||    52
       Ring mail         |       |    15 ||    15
Dodge: Dodged            |    54 |    19 ||    73
Block: Buckler           |    23 |     7 ||    30
